 Dungeon Crawl Stone Soup version 0.30-a0-778-g2ef04afb54 (webtiles) character file.

Game seed: 13724422316840228719

139863 Beavis the Destroyer (level 16, -17/131 HPs)
             Began as a Demonspawn Conjurer on Feb 16, 2023.
             Was a High Priest of Vehumet.
             Demolished by a wolf spider (19 damage)
             ... on level 3 of the Spider Nest.
             The game lasted 01:04:49 (34288 turns).

Beavis the Destroyer (Demonspawn Conjurer)         Turns: 34288, Time: 01:04:49

Health: -17/131    AC:  7    Str:  3 (8)  XL:     16   Next: 74%
Magic:  0/40       EV: 14    Int: 30 (37) God:    Vehumet [*****.]
Gold:   2849       SH:  6    Dex:  9 (12) Spells: 1/37 levels left

rFire   . . .      SeeInvis .    g - +3 dagger (protect)
rCold   + . .      Faith    .    W - +2 buckler {rN+}
rNeg    + . .      Spirit   +    x - +0 robe "Cutocs" {rC+ Int+4 Stlth+ Archmagi}
rPois   .          Reflect  .    A - +0 hat
rElec   .          Harm     .    y - +1 cloak {Will+}
rCorr   .          Rampage  .    z - +0 pair of gloves
Will    ++...      Archmagi +    (no boots)
Stlth   +++                      l - amulet of the acrobat
HPRegen 0.41/turn                o - ring of magical power
MPRegen 0.54/turn                s - +6 ring of intelligence

@: lethally poisoned (-17 -> -46)
A: claws 2, rugged brown scales 2, magic shield, magic regeneration, demonic
magic 2
a: Renounce Religion


You were on level 3 of the Spider Nest.
You worshipped Vehumet.
Vehumet was extremely pleased with you.
You visited 5 branches of the dungeon, and saw 27 of its levels.
You also visited: Bailey.

You collected 3505 gold pieces.
You spent 656 gold pieces at shops.

Inventory:

Hand Weapons
 g - a +3 dagger of protection (weapon)
Missiles
 K - 3 curare-tipped darts
 P - 5 throwing nets
Armour
 x - the +0 robe "Cutocs" (worn) {rC+ Int+4 Stlth+ Archmagi}
   (You bought it in a shop on level 2 of the Orcish Mines)

   Int:       It affects your intelligence (+4).
   rC:        It protects you from cold.
   Archmagi:  It increases the power of your magical spells.
   Stlth:     It makes you more stealthy.
 y - a +1 cloak of willpower (worn)
 z - a +0 pair of gloves (worn)
 A - a +0 hat (worn)
 M - a +0 troll leather armour
 W - a +2 buckler of positive energy (worn)
Magical Staves
 h - a staff of cold
 S - a staff of air
Jewellery
 d - a ring of protection from cold
 l - an amulet of the acrobat (around neck)
 o - a ring of magical power (left hand)
 s - a +6 ring of intelligence (right hand)
 t - a +6 ring of strength
 O - a ring of poison resistance
 T - a ring of protection from cold
Wands
 k - a wand of paralysis (18) (quivered)
 p - a wand of digging (5)
 u - a wand of polymorph (20)
 v - a wand of light (21)
 D - a wand of mindburst (3)
 G - a wand of flame (33)
 J - a wand of iceblast (18)
Scrolls
 a - a scroll of teleportation
 b - 5 scrolls of enchant weapon
 c - 2 scrolls of butterflies
 e - 2 scrolls of fear
 m - 6 scrolls of fog
 E - a scroll of vulnerability
 F - 3 scrolls of magic mapping
 H - 2 scrolls of brand weapon
 N - 4 scrolls of enchant armour
Potions
 i - 5 potions of curing
 j - 7 potions of flight
 n - a potion of ambrosia
 q - 3 potions of mutation
 r - a potion of cancellation
 w - 2 potions of lignification
 B - 4 potions of attraction
 L - a potion of berserk rage
 Q - 3 potions of might
 U - 2 potions of resistance
 V - a potion of brilliance


   Skills:
 - Level 11.0 Fighting
 - Level 11.0 Dodging
 - Level 1.7 Stealth
 - Level 5.0 Shields
 + Level 11.2 Spellcasting
 * Level 12.1 Conjurations
 + Level 11.2 Fire Magic
 + Level 11.2 Air Magic
 + Level 11.2 Earth Magic


You had one spell level left.
You knew the following spells:

 Your Spells              Type           Power      Damage    Failure   Level
a - Iron Shot             Conj/Erth      46%        9d9       1%          6
b - Fireball              Conj/Fire      46%        3d18      1%          5
c - Arcjolt               Conj/Air       46%        1d56      1%          5
d - Irradiate             Conj/Tmut      34%        3d23      2%          5
f - Searing Ray           Conj           100%       2d8       1%          2
g - Iskenderun's Mystic   Conj/Tloc      69%        2d14      1%          4
h - Fulminant Prism       Conj/Hex       34%        3d15      1%          4
i - Freezing Cloud        Conj/Ice/Air   38%        6-21      1%          5

Your spell library contained the following spells:

 Spells                   Type           Power      Damage    Failure   Level
 Magic Dart               Conj           100%       1d8       1%          1
 Shock                    Conj/Air       100%       1d9       1%          1
 Apportation              Tloc           50%        N/A       4%          1
 Necrotise                Necr           100%       1d9       4%          1
 Sting                    Tmut/Pois      100%       1d8       4%          1
 Summon Small Mammal      Summ           100%       N/A       4%          1
 Cigotuvi's Dreadful Rot  Necr/Pois/Air  100%       N/A       1%          2
 Poisonous Vapours        Pois/Air       100%       N/A       1%          2
 Dazzling Flash           Conj/Hex       100%       N/A       1%          3
 Mephitic Cloud           Conj/Pois/Air  77%        N/A       1%          3
 Stone Arrow              Conj/Erth      100%       3d13      1%          3
 Swiftness                Air            90%        N/A       1%          3
 Airstrike                Air            45%        2d(7-23)  1%          4
 Iskenderun's Battlesphe  Conj           94%        2d14      1%          5
 Lee's Rapid Deconstruct  Erth           45%        3d22*     1%          5
 Conjure Ball Lightning   Conj/Air       46%        3x3d16    1%          6
 Leda's Liquefaction      Hex/Erth       33%        N/A       3%          4
 Petrify                  Tmut/Erth      66%        N/A       3%          4
 Summon Lightning Spire   Summ/Air       66%        N/A       3%          4
 Lesser Beckoning         Tloc           50%        N/A       6%          2
 Orb of Destruction       Conj           47%        9d12      6%          7
 Olgreb's Toxic Radiance  Pois           25%        N/A       11%         4
 Call Canine Familiar     Summ           25%        N/A       12%         3
 Gell's Gravitas          Tloc           25%        N/A       12%         3
 Ozocubu's Armour         Ice            25%        N/A       12%         3
 Portal Projectile        Hex/Tloc       50%        N/A       12%         3
 Summon Guardian Golem    Hex/Summ       25%        N/A       12%         3
 Teleport Other           Tloc           25%        N/A       12%         3
 Tukima's Dance           Hex            25%        N/A       12%         3
 Yara's Violent Unravell  Hex/Tmut       12%        3d7       28%         5
 Passage of Golubria      Tloc           25%        N/A       36%         4
 Statue Form              Tmut/Erth      44%        N/A       52%         6
 Maxwell's Capacitive Co  Air            45%        ∞         52%         8
 Blade Hands              Tmut           12%        N/A       73%         5
 Metabolic Englaciation   Hex/Ice        12%        N/A       73%         5
 Storm Form               Tmut/Air       33%        N/A       97%         7
 Dispersal                Tloc           12%        N/A       99%         6
 Simulacrum               Ice/Necr       12%        N/A       99%         6
 Dragon Form              Tmut           12%        N/A       100%        7


Dungeon Overview and Level Annotations

Branches:
Dungeon (15/15)            Temple (1/1) D:5            Lair (5/5) D:11
  Swamp (0/4) Lair:3       Spider (4/4) Lair:2        Slime (0/5) Lair:5
    Orc (2/2) D:12            Elf (0/3) Orc:2        Vaults (0/5) D:13
 Depths (0/4) D:15         Bailey (visited)

Altars:
Ashenzari
Cheibriados
Dithmenos
Fedhas
Gozag
Hepliaklqana
Kikubaaqudgha
Makhleb
Nemelex Xobeh
Okawaru
Qazlal
Ru
Sif Muna
Trog
Uskayaw
Vehumet
Wu Jian
Xom
Yredelemnul
Jiyva

Shops:
D:5 *   D:11 *   Orc:2 (*=[

Annotations:
D:3 3 runed translucent doors, Pimp's ghost, amateur DjGl
D:5 1 runed translucent door, Beavis's ghost, novice DsHu
D:6 2 transporters
D:14 1 runed translucent door
Spider:4 Mara
Orc:1 1 runed translucent door, Smoke131's ghost, journeyman OgGl


Innate Abilities, Weirdness & Mutations

You have very sharp fingernails.
You are mostly covered in rugged brown scales. (AC +2, +5% HP)
When hurt, damage is shared between your health and your magic reserves.
You regenerate magic rapidly.
Spells you cast may paralyse nearby enemies.


Message History

The wolf spider hits you!
* * * LOW HITPOINT WARNING * * *
The wolf spider bites you but does no damage.
Casting: Iron Shot (dangerous; 1% risk of failure)
Confirm with . or Enter, or press ? or * to list all spells.
You don't have enough magic to cast this spell.
You feel better. The wolf spider hits you!
* * * LOW HITPOINT WARNING * * *
The wolf spider bites you but does no damage.
You feel better. The wolf spider hits you.
* * * LOW HITPOINT WARNING * * *
You block the wolf spider's attack. The wolf spider misses you.
The wolf spider bites you!
* * * LOW HITPOINT WARNING * * *
You are lethally poisoned!
The wolf spider poisons you!
You feel better. The wolf spider barely misses you.
The wolf spider bites you but does no damage.
Casting: Iron Shot (dangerous; 1% risk of failure)
Confirm with . or Enter, or press ? or * to list all spells.
You don't have enough magic to cast this spell.
You feel better. The wolf spider hits you.
* * * LOW HITPOINT WARNING * * *
The wolf spider misses you. The wolf spider closely misses you.
The wolf spider bites you but does no damage.
Aiming: Paralyse
Press: ? - help, Q - select action, (/) - cycle Shift-Dir - straight line, f - wolf spider
Aim: a wolf spider (heavily wounded, chance to affect: 49%)
The wolf spider resists with some effort.
The wolf spider hits you!
* * * LOW HITPOINT WARNING * * *
The wolf spider bites you.
* * * LOW HITPOINT WARNING * * *
You feel better. The wolf spider hits you.
* * * LOW HITPOINT WARNING * * *
The wolf spider bites you!
* * * LOW HITPOINT WARNING * * *
You are lethally poisoned!
The wolf spider poisons you! The wolf spider hits you!!
You die...

......#.#....#....##.####
#.#..^..#...#......#^..^#
#...##..#^......####...##
#..#.^..#........#......#
^..#..#.#..#...##.#(....#
...#...^#......^.<##...###
#....#..#^.#....^#...##..#
^#.^.#..#...^....#.)....##
.##..#..##..##..@#..#....#
.....#...#..#..#s.......###
.....}.#.#....#.>..#......##
#####....#...#..#.....#^...#
..(.#..#.#..^...####..#..###
....#..#^^..###....##.#..#
#..^##..........#.##..#.####
##.............##....#.....#
.[.^...######............^##


You could see a wolf spider.

Vanquished Creatures
  Gastronok (D:8)
  Agnes (D:15)
  Kirke (Lair:4)
  Donald (Orc:2)
  A ghost moth (Spider:1)
  2 emperor scorpions
  An orc warlord (Orc:2)
  3 broodmothers
  Nessos (Lair:3)
  2 spark wasps
  Snorg (D:14)
  2 entropy weavers (Spider:4)
  A yaktaur captain (D:13)
  Josephine (Orc:2)
  Harold (D:11)
  Erolcha (D:11)
  An ogre mage (D:15)
  5 hydras
  A jorogumo (Spider:2)
  Erica (D:11)
  3 centaur warriors
  7 two-headed ogres
  9 boulder beetles
  A radroach (Spider:4)
  5 death yaks
  3 tengu warriors
  An orc high priest (Orc:2)
  Sonja (Orc:2)
  2 sun moths
  4 pharaoh ants
  6 skeletal warriors (D:14)
  4 orb spiders
  3 steelbarb worms
  A deep elf pyromancer (D:12)
  8 orc knights
  3 harpies (D:13)
  10 wolf spiders
  3 orc sorcerers
  8 ugly things (D:14)
  2 cyclopes
  4 manticores
  4 moths of wrath
  5 elephants
  11 black mambas
  An elephant (shapeshifter) (D:14)
  Joseph (D:7)
  Maurice (D:11)
  9 demonic crawlers
  3 torpor snails
  Maggie (D:8)
  Psyche (D:8)
  A guardian serpent (Lair:5)
  15 cane toads
  2 kobold demonologists (D:11)
  2 rime drakes (Lair:4)
  A freezing wraith (D:14)
  3 yaktaurs
  3 tengu conjurers (D:15)
  10 komodo dragons
  An efreet (D:14)
  A tyrant leech (Lair:3)
  3 hornets (Lair:5)
  5 polar bears
  Prince Ribbit (D:7)
  5 trolls
  A tarantella (shapeshifter) (D:13)
  14 tarantellas
  23 blink frogs
  31 jumping spiders
  11 slime creatures
  A shadow (D:12)
  13 culicivoras
  A vampire (D:9)
  8 wraiths
  40 yaks
  17 wyverns
  3 basilisks
  7 vampire mosquitoes
  38 redbacks
  2 wargs (Orc:1)
  Menkaure (D:7)
  7 hogs (Lair:4)
  A swamp worm (shapeshifter) (D:15)
  An acid dragon (D:10)
  28 water moccasins
  8 ogres
  A sky beast (D:8)
  2 ice beasts
  4 black bears
  37 orc warriors
  6 wolves
  10 centaurs
  10 kobold brigands
  15 bullfrogs
  2 necrophages
  4 gnoll sergeants
  3 scorpions
  12 wights
  6 killer bees (D:10)
  3 howler monkeys
  13 electric eels
  13 orc priests
  6 gnoll boudas
  A jelly (D:4)
  3 iguanas
  22 orc wizards
  32 gnolls
  An adder (D:3)
  A shadow imp (D:7)
  An ufetubus (D:7)
  2 worms
  A worm (shapeshifter) (D:15)
  6 dart slugs
  61 orcs
  9 ball pythons
  6 endoplasms
  5 giant cockroaches
  10 goblins
  5 hobgoblins
  A jackal (D:1)
  34 kobolds
  13 quokkas
  5 bats
  8 frilled lizards
  3 rats
  A butterfly (Lair:4)
  A fulminant prism (D:8)
842 creatures vanquished.

Vanquished Creatures (others)
  A centaur warrior (D:14)
  A jumping spider (Spider:2)
  An orc (D:11)
  2 bushes (D:11)
  103 fulminant prisms
  55 fungi
  140 plants
303 creatures vanquished.

Grand Total: 1145 creatures vanquished

Notes
Turn   | Place    | Note
-------+----------+-------------------------------------------
     0 | D:1      | Beavis the Demonspawn Conjurer began the quest for the Orb.
     0 | D:1      | Reached XP level 1. HP: 13/13 MP: 3/3
   268 | D:1      | Gained mutation: You regenerate magic rapidly. [demonic
                  | ancestry]
   268 | D:1      | Reached XP level 2. HP: 20/20 MP: 3/5
   616 | D:1      | Reached skill level 1 in Fighting
   633 | D:1      | Found a shadowy altar of Dithmenos.
   727 | D:1      | Learned a level 2 spell: Searing Ray
   988 | D:2      | Gained mutation: You have sharp fingernails. [demonic
                  | ancestry]
   988 | D:2      | Reached XP level 3. HP: 26/26 MP: 2/6
  1598 | D:2      | You fall into a shaft and drop 2 floors!
  1709 | D:3      | Found a runed translucent gate.
  1709 | D:3      | Noticed Pimp's ghost (amateur DjGl)
  1711 | D:3      | Found a runed translucent gate.
  1712 | D:3      | Found a runed translucent gate.
  2027 | D:2      | Reached XP level 4. HP: 32/32 MP: 4/7
  3240 | D:3      | Found a hide-covered altar of Uskayaw.
  3370 | D:3      | Found a faded altar of an unknown god.
  3685 | D:4      | Found an iron altar of Okawaru.
  3844 | D:4      | Gained mutation: You are partially covered in rugged brown
                  | scales. (AC +1, +3% HP) [demonic ancestry]
  3844 | D:4      | Reached XP level 5. HP: 33/39 MP: 5/9
  4315 | D:4      | Found a basalt altar of Yredelemnul.
  4521 | D:4      | Identified a scroll of acquirement
  4521 | D:4      | Acquired 964 gold pieces
  4577 | D:4      | Learned a level 4 spell: Fulminant Prism
  4612 | D:5      | Entered Level 5 of the Dungeon
  4612 | D:5      | Noticed a water moccasin
  4639 | D:4      | Killed a water moccasin
  4640 | D:4      | Reached skill level 5 in Conjurations
  4640 | D:4      | Gained mutation: You have very sharp fingernails. [demonic
                  | ancestry]
  4640 | D:4      | Reached XP level 6. HP: 27/47 MP: 0/11
  4830 | D:5      | Noticed a yak
  4831 | D:5      | Noticed a yak
  4876 | D:5      | Reached XP level 7. HP: 39/53 MP: 2/12
  5144 | D:5      | Found a staircase to the Ecumenical Temple.
  5152 | Temple   | Entered the Ecumenical Temple
  5379 | D:5      | Noticed Beavis's ghost (novice DsHu)
  5414 | D:5      | Found a runed translucent door.
  5436 | D:5      | Noticed a yak
  5558 | D:5      | Found Gyduz's General Store.
  5719 | D:6      | Found an ancient bone altar of Kikubaaqudgha.
  6018 | D:6      | Reached skill level 6 in Conjurations
  6074 | D:6      | Found a transporter.
  6211 | D:6      | Gained mutation: Spells you cast may paralyse adjacent
                  | enemies. [demonic ancestry]
  6211 | D:6      | Reached XP level 8. HP: 45/62 MP: 5/14
  6372 | D:6      | Identified the +5 scale mail "Rugiem" {Harm Fly rElec
                  | Int-5}
  6422 | D:6      | Found a transporter.
  6726 | D:7      | Noticed Prince Ribbit
  6738 | D:7      | Killed Prince Ribbit
  6739 | D:7      | Reached skill level 5 in Spellcasting
  6812 | D:7      | Noticed Joseph
  6819 | D:7      | Reached skill level 5 in Dodging
  6825 | D:7      | Reached skill level 5 in Fighting
  6947 | D:7      | Noticed Menkaure
  6956 | D:7      | Killed Menkaure
  6960 | D:7      | Identified the +1 leather armour of Beyond {rN+ Int+2}
  6976 | D:7      | Learned a level 4 spell: Iskenderun's Mystic Blast
  7115 | D:7      | Found a flagged portal.
  7120 | Bailey   | Entered a bailey
  7175 | Bailey   | Reached skill level 7 in Conjurations
  7300 | Bailey   | Gained mutation: You are mostly covered in rugged brown
                  | scales. (AC +2, +5% HP) [demonic ancestry]
  7300 | Bailey   | Reached XP level 9. HP: 13/72 MP: 1/17
  7822 | Bailey   | Noticed an orc knight
  7905 | Bailey   | Killed an orc knight
  8221 | D:7      | Killed Joseph
  8222 | D:7      | Reached skill level 8 in Conjurations
  8563 | D:7      | Reached skill level 9 in Conjurations
  8563 | D:7      | Gained mutation: Spells you cast may paralyse nearby
                  | enemies. [demonic ancestry]
  8563 | D:7      | Reached XP level 10. HP: 86/86 MP: 18/22
  8609 | D:7      | Found a blossoming altar of Fedhas.
  9042 | D:8      | Reached XP level 11. HP: 81/91 MP: 19/23
  9198 | D:8      | Noticed Maggie
  9214 | D:8      | Killed Maggie
  9412 | D:8      | Noticed Psyche
  9418 | D:8      | Killed Psyche
  9625 | D:8      | Reached skill level 10 in Conjurations
  9671 | D:8      | Found a sparkling altar of Nemelex Xobeh.
  9717 | D:8      | Found a broken altar of Ashenzari.
  9760 | D:8      | Noticed Gastronok
  9855 | D:8      | Killed Gastronok
 10913 | D:9      | Found a bloodstained altar of Trog.
 10916 | D:9      | Found a snail-covered altar of Cheibriados.
 10922 | D:9      | Found a radiant altar of Vehumet.
 11169 | D:9      | Became a worshipper of Vehumet
 11764 | D:10     | Entered Level 10 of the Dungeon
 11955 | D:10     | Found a shadowy altar of Dithmenos.
 11972 | D:10     | Reached * piety under Vehumet
 11972 | D:10     | Offered knowledge of Kiss of Death by Vehumet.
 12448 | D:10     | Noticed a two-headed ogre
 12457 | D:10     | Killed a two-headed ogre
 12548 | D:10     | Reached skill level 10 in Fighting
 12557 | D:10     | Reached XP level 12. HP: 95/101 MP: 8/25
 12815 | D:11     | Noticed Erolcha
 12828 | D:11     | Killed Erolcha
 12829 | D:11     | Reached skill level 11 in Conjurations
 12855 | D:11     | Noticed Erica
 12939 | D:11     | Killed Erica
 13119 | D:11     | Noticed Harold
 13135 | D:11     | Killed Harold
 13444 | D:11     | Reached skill level 10 in Spellcasting
 13449 | D:11     | Reached skill level 10 in Dodging
 13498 | D:11     | Reached ** piety under Vehumet
 13498 | D:11     | Offered knowledge of Foxfire by Vehumet.
 13650 | D:11     | Noticed Maurice
 13768 | D:11     | Found Qinid's Assorted Antiques.
 13817 | D:11     | Found a staircase to the Lair.
 13966 | D:11     | Killed Maurice
 14341 | D:11     | Identified the +0 falchion "Plog" {venom, Int+2}
 14514 | D:11     | Learned a level 5 spell: Irradiate
 14557 | Lair:1   | Entered Level 1 of the Lair of Beasts
 14938 | Lair:1   | Offered knowledge of Scorch by Vehumet.
 15676 | Lair:1   | Learned a level 5 spell: Fireball
 15874 | Lair:2   | Reached skill level 1 in Fire Magic
 15927 | Lair:2   | Reached *** piety under Vehumet
 16184 | Lair:2   | Gained mutation: When hurt, damage is shared between your
                  | health and your magic reserves. [demonic ancestry]
 16184 | Lair:2   | Reached XP level 13. HP: 111/111 MP: 27/27
 16271 | Lair:2   | Found a hole to the Spider Nest.
 16698 | Lair:2   | Offered knowledge of Stone Arrow by Vehumet.
 16703 | Lair:2   | Learned a level 3 spell: Stone Arrow
 16895 | Lair:3   | Reached skill level 1 in Earth Magic
 17397 | Lair:3   | Noticed Nessos
 17404 | Lair:3   | Killed Nessos
 17405 | Lair:3   | Reached skill level 5 in Fire Magic
 17507 | Lair:3   | Identified the +9 long sword "Hydrabane" {drain, rElec rF-
                  | rC- Str+7}
 17591 | Lair:3   | Found a staircase to the Swamp.
 17967 | Lair:4   | Reached **** piety under Vehumet
 17975 | Lair:3   | Offered knowledge of Lightning Bolt by Vehumet.
 18574 | Lair:4   | Reached skill level 5 in Earth Magic
 18883 | Lair:4   | Noticed Kirke
 18924 | Lair:4   | Killed Kirke
 19266 | Lair:5   | Entered Level 5 of the Lair of Beasts
 19545 | Lair:5   | Reached XP level 14. HP: 118/118 MP: 19/29
 19865 | Lair:5   | Found a viscous altar of Jiyva.
 19865 | Lair:5   | Found a staircase to the Slime Pits.
 19904 | Lair:5   | Reached ***** piety under Vehumet
 19913 | Lair:5   | Offered knowledge of Starburst by Vehumet.
 22297 | D:12     | Found a staircase to the Orcish Mines.
 22530 | D:12     | Offered knowledge of Eringya's Noxious Bog by Vehumet.
 22663 | Orc:1    | Entered Level 1 of the Orcish Mines
 22918 | Orc:2    | Entered Level 2 of the Orcish Mines
 22918 | Orc:2    | Found a staircase to the Elven Halls.
 22933 | Orc:2    | Noticed Sonja
 22938 | Orc:2    | Killed Sonja
 23056 | Orc:2    | Reached skill level 10 in Fire Magic
 23273 | Orc:2    | Noticed Donald
 23297 | Orc:2    | Killed Donald
 23715 | Orc:2    | Noticed an orc warlord
 23722 | Orc:2    | Killed an orc warlord
 23830 | Orc:2    | Found Pielaob's Antique Armour Shop.
 23852 | Orc:2    | Found Axitud's Antique Weapon Shop.
 23912 | Orc:2    | Noticed Josephine
 23916 | Orc:2    | Killed Josephine
 23971 | Orc:2    | Reached XP level 15. HP: 123/123 MP: 30/30
 24038 | Orc:2    | Reached skill level 10 in Earth Magic
 24319 | Orc:2    | Found Icwuttam's General Store.
 24333 | Orc:2    | Found Hukuic's Jewellery Shop.
 24341 | Orc:2    | Bought a +6 ring of intelligence for 468 gold pieces
 24624 | Orc:2    | Bought a silken robe for 188 gold pieces
 24624 | Orc:2    | Identified the +0 robe "Cutocs" {rC+ Int+4 Stlth+ Archmagi}
                  | (You bought it in a shop on level 2 of the Orcish Mines)
 24794 | Orc:1    | Found a runed translucent door.
 24795 | Orc:1    | Noticed Smoke131's ghost (journeyman OgGl)
 25506 | D:13     | Found a gate to the Vaults.
 26043 | D:14     | Reached skill level 1 in Air Magic
 26415 | D:14     | Found a runed translucent door.
 26445 | D:14     | Noticed Snorg
 26473 | D:14     | Killed Snorg
 26506 | D:14     | Offered knowledge of Arcjolt by Vehumet.
 26734 | D:14     | Identified the ring of Secrets {rPois Int+6}
 26734 | D:14     | Noticed a tengu reaver
 26811 | D:14     | Learned a level 5 spell: Arcjolt
 26813 | D:14     | Reached skill level 5 in Air Magic
 27200 | D:15     | Entered Level 15 of the Dungeon
 27389 | D:15     | Noticed Agnes
 27395 | D:15     | Killed Agnes
 27777 | D:15     | Reached skill level 1 in Shields
 28175 | D:15     | Found a staircase to the Depths.
 28952 | Spider:1 | Entered Level 1 of the Spider Nest
 29265 | Spider:1 | Noticed an emperor scorpion
 29271 | Spider:1 | Killed an emperor scorpion
 29336 | Spider:1 | Reached XP level 16. HP: 131/131 MP: 8/31
 30104 | Spider:2 | Reached skill level 5 in Shields
 30105 | Spider:2 | Offered knowledge of Freezing Cloud by Vehumet.
 30113 | Spider:2 | Learned a level 5 spell: Freezing Cloud
 30832 | Spider:2 | Reached skill level 10 in Air Magic
 32243 | Spider:4 | Entered Level 4 of the Spider Nest
 32260 | Spider:4 | Offered knowledge of Iron Shot by Vehumet.
 32275 | Spider:3 | Learned a level 6 spell: Iron Shot
 32925 | Spider:3 | HP: 3/131 [demonic crawler (12)]
 33842 | Spider:4 | Reached skill level 12 in Conjurations
 33844 | Spider:4 | Noticed Mara
 34267 | Spider:4 | Noticed Beavis's illusion
 34282 | Spider:3 | HP: 6/131 [wolf spider (9)]
 34288 | Spider:3 | HP: 2/131 [wolf spider (10)]
 34288 | Spider:3 | Demolished by a wolf spider

Illustrated notes

Levels and vault maps discovered:
D:1:      minmay_arrival_diagonal_passages, layout_loops_ring,
          minmay_hexomino_r4
D:2:      layout_loops_corners, serial_forest, infiniplex_forest_end_3,
          infiniplex_forest_straight_4, infiniplex_forest_straight_4,
          infiniplex_forest_end_1, infiniplex_forest_join,
          infiniplex_forest_lined_room_2, infiniplex_forest_lined_3,
          serial_bayou_ford_a
D:3:      layout_loops_corners, nicolae_overflow_ecumenical_swirl,
          mainiacjoe_overflow_brackets, mainiacjoe_overflow_alcove_2,
          gammafunk_ghost_split
D:4:      layout_loops_cross, mainiacjoe_overflow_catwalk,
          lemuel_coloured_pillars_altar
D:5:      layout_cave_pools, minmay_temple_entry_proselytizer,
          hellmonk_ghost_happy_afterlife, portal_sewer_entry_a, serial_shops,
          nicolae_shop_window_shopping, nicolae_figureground_sparkle
D:6:      layout_loops_cross, mainiacjoe_overflow_concentric_impassable,
          gammafunk_ghost_gnarly_gnolls, nrook_mini_vaults,
          minmay_misc_feat_cross
D:7:      layout_basic, fedhas_bush_and_centaur_altar, enter_bailey_3,
          uniq_menkaure, uniq_joseph, uniq_prince_ribbit1
D:8:      layout_basic, nemelex_spade_bored_becter,
          nicolae_ashenzari_panopticon, grunt_ministairs_6, uniq_psyche,
          uniq_maggie, uniq_gastronok
D:9:      cheibrodos_two_vegetables, layout_small_grid,
          grunt_temple_overflow_cloverleaf, blue_anna_alchemist
D:10:     layout_roguey, nicolae_dithmenos_the_darkroom
D:11:     kennysheep_seaside_town, layout_loops_ring, minmay_lair_entry_grove,
          serial_shops, shop, uniq_erolcha, uniq_maurice, uniq_erica,
          uniq_harold
D:12:     layout_irregular_city, orc_0_dummy, kennysheep_generic_room_6
D:13:     layout_irregular_city, david_vaults_2
D:14:     layout_gridville, nrook_mini_backslash, kennysheep_treasure_room,
          uniq_snorg
D:15:     hangedman_depths_entry_try_elsewhere_first, layout_basic,
          minmay_misc_feat_enclosed, drop_trap, uniq_agnes
Temple:   hellmonk_temple_forest_ring
Lair:1:   layout_regular_city, serial_bayou_pond_d, grunt_megastairs_1
Lair:2:   layout_chaotic_city, nicolae_spider_entry_tight_spaces,
          infiniplex_staircase_pool, serial_bayou_shore_b
Lair:3:   layout_loops_ring, minmay_swamp_entry_worms,
          cheibrodos_lair_lostbears, uniq_nessos
Lair:4:   layout_regular_city, lemuel_fruit_tree, grunt_megastairs_3,
          lemuel_fruit_fields, uniq_kirke
Lair:5:   hangedman_lair_tendril_chambers, layout_regular_city, slime_entry_1,
          serial_bayou, serial_bayou_shore_b, serial_bayou_pond_d,
          serial_bayou_pond_b, serial_bayou_pond_e
Spider:1: layout_spider_delve
Spider:2: layout_spider_delve
Spider:3: layout_spider_delve
Spider:4: grunt_spider_rune_circles, drop_trap, uniq_mara
Orc:1:    layout_caves, ebering_ghost_inner_flame, nicolae_orc_lava_room
Orc:2:    grunt_orc_cross, layout_caves, nicolae_orc_stony_grotto,
          uniq_josephine, uniq_donald, uniq_sonja

Skill      XL: |  1  2  3  4  5  6  7  8  9 10 11 12 13 14 15 16 |
---------------+-------------------------------------------------+-----
Dodging        | 2 3 4 5 8 9 10 11 | 11.0
Fighting       | 1 2 3 4 5 8 10 11 | 11.0
Spellcasting   | 3 4 5 8 9 10 11 | 11.2
Conjurations   | 5 6 7 9 10 11 12 | 12.1
Fire Magic     | 1 7 10 11 | 11.2
Earth Magic    | 6 9 11 | 11.2
Air Magic      | 8 11 | 11.2
Shields        | 4 5 |  5.0
Stealth        | |  1.7

Action                     |  1- 3 |  4- 6 |  7- 9 | 10-12 | 13-15 | 16-18 || total
---------------------------+-------+-------+-------+-------+-------+-------++-------
  Melee: Unarmed           |     6 |       |       |       |       |       ||     6
         Dagger            |       |       |       |    32 |    56 |    27 ||   115
   Cast: Magic Dart        |    41 |     2 |     3 |     4 |       |       ||    50
         Searing Ray       |    22 |    43 |    62 |   168 |    21 |       ||   316
         Fulminant Prism   |       |       |    27 |    72 |     6 |       ||   105
         Iskenderun's Myst |       |       |       |     7 |     9 |       ||    16
         Irradiate         |       |       |       |     9 |    16 |    31 ||    56
         Fireball          |       |       |       |       |   466 |   109 ||   575
         Stone Arrow       |       |       |       |       |   188 |     1 ||   189
         Arcjolt           |       |       |       |       |    22 |    50 ||    72
         Iron Shot         |       |       |       |       |       |    16 ||    16
  Evoke: Wand              |       |       |     6 |       |     2 |     1 ||     9
    Use: Scroll            |       |    13 |     5 |     9 |     7 |     5 ||    39
         Potion            |       |       |     4 |     4 |     5 |    11 ||    24
   Stab: Paralysed         |       |       |       |    10 |    24 |     6 ||    40
 Armour: Robe              |     7 |     7 |    12 |    34 |    10 |    60 ||   130
         Leather armour    |       |       |    15 |     4 |       |       ||    19
         Troll leather arm |       |       |       |    31 |    42 |       ||    73
  Dodge: Dodged            |     5 |    17 |   157 |   216 |   274 |   187 ||   856
  Block: Buckler           |       |       |       |       |     6 |    64 ||    70

Table legend: (Time is in decaauts)
 A = Elapsed time spent in this place.
 B = Non-inter-level travel time spent in this place.
 C = Inter-level travel time spent in this place.
 D = Time resting spent in this place.
 E = Time spent auto-exploring this place.
 F = Levels seen in this place.
 G = Mean time per level.
                   A        B        C        D        E       F      G
               +--------+--------+--------+--------+--------+-----+--------+
         Total |  34522 |  32596 |   1926 |     98 |  27211 |  28 | 1232.9 |
       Dungeon |  18403 |  17273 |   1130 |     67 |  14592 |  15 | 1226.9 |
        Temple |    196 |    179 |     17 |      0 |    170 |   1 |  196.0 |
          Lair |   7739 |   7271 |    468 |      0 |   6025 |   5 | 1547.8 |
   Spider Nest |   4801 |   4628 |    173 |     31 |   3902 |   4 | 1200.2 |
  Orcish Mines |   2313 |   2176 |    137 |      0 |   1756 |   2 | 1156.5 |
        Bailey |   1067 |   1067 |      0 |      0 |    765 |   1 | 1067.0 |
               +--------+--------+--------+--------+--------+-----+--------+

Top non-repeatable levels by time:
  Lair:5: 1852 daAuts
  Lair:2: 1742 daAuts
Spider:2: 1702 daAuts
   Orc:2: 1701 daAuts
Spider:3: 1654 daAuts
    D:11: 1603 daAuts
  Lair:4: 1556 daAuts
     D:9: 1519 daAuts
    D:15: 1429 daAuts
    D:14: 1426 daAuts
     D:2: 1397 daAuts
  Lair:3: 1362 daAuts
     D:7: 1343 daAuts
    D:10: 1341 daAuts
     D:4: 1307 daAuts
